 Dungeon Crawl Stone Soup version 0.32-a0-675-gdc239d62e1 (webtiles) character file.

Game seed: 728594785472767170

590 ragingrage the Cutter (level 7, -3/36 HPs)
             Began as a Kobold Hedge Wizard on Mar 12, 2024.
             Splashed by a jelly's acid (9 damage)
             ... on level 5 of the Dungeon.
             The game lasted 00:05:44 (5592 turns).

ragingrage the Cutter (Kobold Hedge Wizard)         Turns: 5592, Time: 00:05:44

Health: -3/36      AC: -6    Str:  8    XL:     7   Next: 66%
Magic:  5/11       EV: 15    Int: 15    God:
Gold:   139        SH:  0    Dex: 16    Spells: 4/12 levels left

rFire   . . .        b - +2 falchion (elec)
rCold   . . .        (no shield)
rNeg    . . .        r - +0 robe
rPois   .            c - +0 hat
rElec   .            (no cloak)
rCorr   .            (no gloves)
SInv    .            (no boots)
Will    .....        i - amulet of regeneration
Stlth   +++          (no ring)
HPRegen 1.06/turn    (no ring)
MPRegen 0.12/turn

%: no passive effects
@: corroded
A: small, no large weapons, nightstalker 3
a: no special abilities


You were on level 5 of the Dungeon.
You visited 1 branch of the dungeon, and saw 5 of its levels.

You collected 139 gold pieces.

Inventory:

Hand Weapons
 a - a +0 dagger
 b - a +2 falchion of electrocution (weapon)
 f - a +0 sling
Missiles
 v - 6 poisoned darts
Armour
 c - a +0 hat (worn)
 g - a +0 pair of gloves
 r - a +0 robe (worn)
Jewellery
 i - an amulet of regeneration (around neck)
 m - an amulet of the acrobat
Scrolls
 e - a scroll of enchant armour {unknown}
 j - 3 scrolls of identify
 k - a scroll of blinking {unknown}
 l - a scroll of teleportation
 o - a scroll of noise {unknown}
 t - a scroll of immolation {unknown}
Potions
 d - a potion of magic
 h - 2 potions of might {unknown}
 n - a potion of cancellation {unknown}
 p - a potion of berserk rage {unknown}
 q - a potion of heal wounds {unknown}
 s - a potion of enlightenment {unknown}
 u - a potion of resistance {unknown}


   Skills:
 * Level 6.7 Short Blades
 - Level 2.4 Dodging
 - Level 2.6 Stealth
 - Level 3.2 Spellcasting
 + Level 3.5 Conjurations
 - Level 1.0 Summonings
 - Level 1.0 Translocations
 + Level 2.7 Air Magic
 + Level 2.8 Alchemy


You had 4 spell levels left.
You knew the following spells:

 Your Spells              Type           Power      Damage    Failure   Level
a - Magic Dart            Conj           52%        1d5       4%          1
b - Blink                 Tloc           10%        N/A       21%         2
c - Mephitic Cloud        Conj/Alch/Air  11%        N/A       17%         3
d - Call Imp              Summ           10%        N/A       21%         2

Your spell library contained the following spells:

 Spells                   Type           Power      Damage    Failure   Level
 Cigotuvi's Dreadful Rot  Necr/Alch/Air  16%        N/A       14%         2
 Necrotise                Necr           8%         1d4       21%         1
 Slow                     Hex            8%         N/A       21%         1
 Sublimation of Blood     Necr           2%         N/A       30%         2
 Vampiric Draining        Necr           2%         2d6       52%         3
 Martyr's Knell           Necr/Summ      3%         N/A       85%         4
 Curse of Agony           Necr           2%         N/A       99%         5
 Summon Hydra             Summ           2%         N/A       100%        7


Dungeon Overview and Level Annotations

Branches:
Dungeon (5/15)
 Temple: D:4-7

Altars:
Cheibriados
Dithmenos


Innate Abilities, Weirdness & Mutations

You are small and have problems with some larger weapons.
You are completely attuned to the shadows.


Message History

No target in view!
A jelly comes into view.
A jelly is nearby!
A jelly is nearby!
A black bear comes into view.
You see here a scorpion corpse.
Aiming: Magic Dart (safe; 4% risk of failure)
Press: ? - help, Q - select action, (/) - cycle Shift-Dir - straight line, f - jelly
Aim: a jelly (100% to hit)
The magic dart hits the jelly.
The jelly completely misses you.
Aiming: Magic Dart (safe; 4% risk of failure)
Press: ? - help, Q - select action, (/) - cycle Shift-Dir - straight line, f/p - jelly
Aim: a jelly (lightly wounded, 100% to hit)
The magic dart hits the jelly.
The jelly hits you.
You are splashed with acid!
Aiming: Magic Dart (safe; 4% risk of failure)
Press: ? - help, Q - select action, (/) - cycle Shift-Dir - straight line, f/p - jelly
Aim: a jelly (moderately wounded, 100% to hit)
The magic dart hits the jelly.
The jelly misses you.
Aiming: Magic Dart (safe; 4% risk of failure)
Press: ? - help, Q - select action, (/) - cycle Shift-Dir - straight line, f/p - jelly
Aim: a jelly (moderately wounded, 100% to hit)
The magic dart hits the jelly.
The jelly hits you. The acid corrodes you!
You are splashed with acid!
Aiming: Magic Dart (safe; 4% risk of failure)
Press: ? - help, Q - select action, (/) - cycle Shift-Dir - straight line, f/p - jelly
Aim: a jelly (heavily wounded, 100% to hit)
The magic dart hits the jelly.
The jelly hits you.
You are splashed with acid!
* * * LOW HITPOINT WARNING * * *
Aiming: Magic Dart (safe; 4% risk of failure)
Press: ? - help, Q - select action, (/) - cycle Shift-Dir - straight line, f/p - jelly
Aim: a jelly (severely wounded, 100% to hit)
The magic dart hits the jelly.
The jelly hits you.
* * * LOW HITPOINT WARNING * * *
The acid corrodes you!
You are splashed with acid!
You die...

#..........# #............
+#. #............ .. ####...
#............
....###........#...........$
...............#...........
.. #...........#†......####
.. #...........#J..........
####...........#@..........
##....#....................
......+.....#'#.##.........
......#####.#.#.##.........
......# #.#.#..).........
....... #...#.#####'#..
..##... #####...#<..# #.#
###.##### # #.#


You could see a jelly.

Vanquished Creatures
  A black bear (D:5)
  2 scorpions (D:5)
  2 bombardier beetles
  2 hounds
  An iguana (D:4)
  Natasha (D:2)
  2 orc wizards (D:4)
  3 gnolls
  3 adders
  A white imp (D:4)
  2 dart slugs
  2 ribbon worms (D:2)
  11 orcs
  10 ball pythons
  3 endoplasms
  4 giant cockroaches
  6 goblins
  3 hobgoblins
  3 jackals (D:4)
  5 kobolds
  A quokka (D:3)
  5 bats
  4 frilled lizards
  10 rats
87 creatures vanquished.

Notes
Turn   | Place    | Note
-------+----------+-------------------------------------------
     0 | D:1      | ragingrage the Kobold Hedge Wizard began the quest for the
                  | Orb.
     0 | D:1      | Reached XP level 1. HP: 10/10 MP: 4/4
    93 | D:1      | Reached skill level 1 in Short Blades
   194 | D:1      | Reached XP level 2. HP: 15/15 MP: 3/6
   420 | D:1      | Reached skill level 2 in Short Blades
   782 | D:1      | Reached XP level 3. HP: 16/19 MP: 4/7
   785 | D:1      | Learned a level 2 spell: Blink
   789 | D:1      | Learned a level 3 spell: Mephitic Cloud
   792 | D:1      | Learned a level 2 spell: Call Imp
  1013 | D:1      | Reached skill level 3 in Short Blades
  1387 | D:2      | Reached XP level 4. HP: 23/24 MP: 0/8
  1717 | D:2      | Noticed Natasha
  1729 | D:2      | Killed Natasha
  1818 | D:2      | You fall into a shaft and drop 2 floors!
  1849 | D:3      | Reached skill level 4 in Short Blades
  1941 | D:3      | Found a snail-covered altar of Cheibriados.
  1958 | D:3      | Reached XP level 5. HP: 28/28 MP: 9/9
  2050 | D:3      | Reached skill level 1 in Air Magic
  2050 | D:3      | Reached skill level 1 in Alchemy
  2984 | D:3      | Found a shadowy altar of Dithmenos.
  3749 | D:3      | Found a shadowy altar of Dithmenos.
  3848 | D:3      | Found a snail-covered altar of Cheibriados.
  4372 | D:4      | Reached XP level 6. HP: 32/32 MP: 1/10
  4485 | D:4      | Reached skill level 5 in Short Blades
  4545 | D:5      | Entered Level 5 of the Dungeon
  5443 | D:5      | Reached XP level 7. HP: 36/36 MP: 11/11
  5467 | D:5      | Reached skill level 6 in Short Blades
  5592 | D:5      | Splashed by a jelly's acid

Illustrated notes

Levels and vault maps discovered:
D:1:      dpeg_arrival_subterranean_lakeside_camping, layout_loops_ring
D:2:      layout_loops_ring, minmay_lizard_pond, uniq_natasha
D:3:      layout_loops_ring, mainiacjoe_overflow_tiny_flanked,
          mainiacjoe_overflow_24_doors, nicolae_twisty_statue_hallways
D:4:      layout_basic, mrwooster_statue_mirror, amethyst_killhole
D:5:      layout_basic, ebering_ghost_reflecting_pool, uniq_ijyb, uniq_grinder

Skill      XL: |  1  2  3  4  5  6  7 |
---------------+----------------------+-----
Short Blades   | 1 2 3 4 5 6 |  6.7
Conjurations   | 2 3 |  3.5
Air Magic      | 1 2 |  2.7
Alchemy        | 1 2 |  2.8
Dodging        | |  2.4
Stealth        | |  2.6
Spellcasting   | |  3.2
Summonings     | |  1.0
Translocations | |  1.0

Action                     |  1- 3 |  4- 6 |  7- 9 || total
---------------------------+-------+-------+-------++-------
  Melee: Dagger            |    46 |   129 |     7 ||   182
         Falchion          |       |    35 |     4 ||    39
   Cast: Magic Dart        |    48 |    35 |     6 ||    89
         Mephitic Cloud    |     1 |    15 |     1 ||    17
         Call Imp          |       |     1 |       ||     1
    Use: Scroll            |       |     2 |       ||     2
   Stab: Sleeping          |     2 |     8 |     2 ||    12
         Confused          |     1 |    11 |       ||    12
         Distracted        |     1 |       |       ||     1
 Armour: Robe              |    33 |    81 |     6 ||   120
  Dodge: Dodged            |    39 |   143 |     4 ||   186

Table legend: (Time is in decaauts)
 A = Elapsed time spent in this place.
 B = Non-inter-level travel time spent in this place.
 C = Inter-level travel time spent in this place.
 D = Time resting spent in this place.
 E = Time spent auto-exploring this place.
 F = Levels seen in this place.
 G = Mean time per level.
                   A        B        C        D        E       F      G
               +--------+--------+--------+--------+--------+-----+--------+
         Total |   5565 |   5367 |    198 |    531 |   4094 |   5 | 1113.0 |
       Dungeon |   5565 |   5367 |    198 |    531 |   4094 |   5 | 1113.0 |
               +--------+--------+--------+--------+--------+-----+--------+

Top non-repeatable levels by time:
     D:3: 1716 daAuts
     D:1: 1294 daAuts
     D:2: 1265 daAuts
     D:4: 1106 daAuts
     D:5: 182 daAuts
